 Dungeon Crawl Stone Soup version 0.28-a0-724-g66f9036eb4 (webtiles) character file.

Game seed: 16980181280515385462

4715 bande the Cleaver (level 10, -8/61 HPs)
             Began as a Gargoyle Fighter on Oct 27, 2021.
             Was a Priest of Okawaru.
             Killed from afar by a molten gargoyle (25 damage)
             ... with a bolt of magma
             ... on level 9 of the Dungeon.
             The game lasted 00:19:51 (10346 turns).

bande the Cleaver (Gargoyle Fighter)               Turns: 10346, Time: 00:19:51

Health: -8/61      AC: 24    Str: 21    XL:     10   Next: 45%
Magic:  11/11      EV:  6    Int:  9    God:    Okawaru [***...]
Gold:   554        SH:  6    Dex: 17    Spells: 9/9 levels left

rFire   . . .      SeeInvis .   a - +1 war axe
rCold   . . .      Faith    .   c - +0 buckler
rNeg    + . .      Spirit   .   n - +0 plate armour
rPois   ∞          Reflect  .   r - +1 helmet
rElec   +          Harm     .   (no cloak)
rCorr   .          Rampage  .   (no gloves)
Will    .....                   g - +0 pair of boots
Stlth   ..........              A - amulet of regeneration
HPRegen 1.20/turn               p - +6 ring of dexterity
MPRegen 0.12/turn               (no ring)

@: no status effects
A: sickness immunity, AC +7, negative energy resistance 1, electricity
resistance, torment resistance 1, petrification resistance
a: Renounce Religion, Heroism


You were on level 9 of the Dungeon.
You worshipped Okawaru.
Okawaru was most pleased with you.
You visited 2 branches of the dungeon, and saw 10 of its levels.

You collected 554 gold pieces.

Inventory:

Hand Weapons
 a - a +1 war axe (weapon)
 u - a +1 flail of protection
Armour
 b - a +0 chain mail of willpower
 c - a +0 buckler (worn)
 g - a +0 pair of boots (worn)
 h - a +0 tower shield
 n - a +0 plate armour (worn)
 r - a +1 helmet (worn)
 x - a +1 hat
Jewellery
 e - a ring of wizardry
 i - an amulet of guardian spirit
 p - a +6 ring of dexterity (left hand)
 v - a ring of wizardry
 y - an amulet of reflection
 A - an amulet of regeneration (around neck)
Wands
 m - a wand of paralysis (13)
 s - a wand of digging (2)
 w - a wand of polymorph (3)
 E - a wand of flame (17)
Scrolls
 l - 2 scrolls of fog
 o - 7 scrolls of magic mapping
 C - 2 scrolls of fear
 D - a scroll of enchant weapon
 F - a scroll of teleportation
Potions
 d - 3 potions of might
 f - a potion of cancellation
 j - a potion of curing
 k - 2 potions of haste
 q - a potion of flight
 t - a potion of magic
 z - a potion of resistance {unknown}
 B - 2 potions of brilliance {unknown}


   Skills:
 + Level 6.6 Fighting
 + Level 9.0 Axes
 + Level 7.6 Armour
 + Level 6.2 Shields
 * Level 2.3 Invocations
 * Level 5.4 Evocations


You had 9 spell levels left.
You didn't know any spells.
Your spell library contained the following spells:

 Spells                   Type           Power      Damage    Failure   Level
 Foxfire                  Conj/Fire      0%         2x1d4     100%        1
 Conjure Flame            Conj/Fire      0%         6-21      100%        3
 Frozen Ramparts          Ice            0%         1d2       100%        3
 Gell's Gravitas          Tloc           0%         N/A       100%        3
 Inner Flame              Hex/Fire       0%         N/A       100%        3
 Lesser Beckoning         Tloc           0%         N/A       100%        3
 Ozocubu's Armour         Ice            0%         N/A       100%        3
 Teleport Other           Tloc           0%         N/A       100%        3
 Flame Wave               Conj/Fire      0%         3d3       100%        4
 Ice Form                 Ice/Tmut       0%         N/A       100%        4
 Alistair's Intoxication  Tmut/Pois      0%         N/A       100%        5
 Borgnjor's Vile Clutch   Necr/Erth      0%         N/A       100%        5
 Metabolic Englaciation   Hex/Ice        0%         N/A       100%        5
 Eringya's Noxious Bog    Tmut/Pois      0%         N/A       100%        6
 Summon Ice Beast         Ice/Summ       Unusable   N/A       N/A         4
 Simulacrum               Ice/Necr       Unusable   N/A       N/A         6

Dungeon Overview and Level Annotations

Branches:
Dungeon (9/15)             Temple (1/1) D:5             Orc (0/2) D:9
   Lair: D:8-11

Altars:
Ashenzari
Dithmenos
Elyvilon
Fedhas
Gozag
Hepliaklqana
Kikubaaqudgha
Makhleb
Nemelex Xobeh
Okawaru
Qazlal
Ru
Sif Muna
Trog
Uskayaw
Wu Jian
Zin
The Shining One
Lugonu

Shops:
D:1 [   D:7 ?

Annotations:
D:7 1 runed translucent door, blank1's ghost, novice MiFi
D:9 1 runed translucent door


Innate Abilities, Weirdness & Mutations

You are immune to sickness and miasma.
Your stone body is resilient. (AC +7)
You are immune to poison.
You resist negative energy. (rN+)
You are resistant to electric shocks. (rElec)
You are resistant to unholy torment.
You are immune to petrification.


Message History

Things that are here:
a +0 dagger; a +0 robe
Items here: ! )) [[ ††.
Items here: )) [ ††.
A lava snake comes into view.
A lava snake is nearby!
The lava snake spits lava at you. The glob of lava misses you.
A gargoyle comes into view. It is wielding a +0 morningstar.
A molten gargoyle comes into view.
It is wielding a +0 morningstar of holy wrath.
A molten gargoyle comes into view. It is wielding a +0 morningstar.
Found 19 stones.
You hit the molten gargoyle but do no damage.
You block the molten gargoyle's attack.
You slash the molten gargoyle!
The molten gargoyle is moderately damaged.
The molten gargoyle blasts magma at you!
The bolt of magma hits you!
You hit the molten gargoyle.
The molten gargoyle is moderately damaged.
The molten gargoyle blasts magma at you!
The bolt of magma hits you!!
Ouch! That really hurt!
You are too injured to fight recklessly!
You are too injured to fight recklessly!
You are too injured to fight recklessly!
You are too injured to fight recklessly!
You are too injured to fight recklessly!
You are too injured to fight recklessly!
You are too injured to fight recklessly!
You are too injured to fight recklessly!
You are too injured to fight recklessly!
You are too injured to fight recklessly!
Unknown command.
The molten gargoyle blasts magma at you!
The bolt of magma hits you!
* * * LOW HITPOINT WARNING * * *
The molten gargoyle blasts magma at you!
The bolt of magma hits you!!
You die...

.# #.♣.♣#..# ≈≈≈88≈≈ .#
#♣.♣♣#'## .≈≈≈≈≈≈ .# #####.#
## .S≈≈≈≈≈ ## #....##
#.#...§.≈( ###'#########
##.#.#
#...........######.#.#.#.
#...........##...9.......#
+...........##..9........#
#######.........@..9..........
......#........#............##
...#..#........##...........#
..!#))#........##...........#
..)))).........##...........#
...).)#........##...........
......#####################
......# #######


You could see 2 molten gargoyles and a gargoyle.

Vanquished Creatures
  An unseen horror (D:8)
  A kobold demonologist (D:8)
  Prince Ribbit (D:6)
  A shadow (D:8)
  An acid dragon (D:9)
  A swamp drake (D:9)
  3 orc warriors
  A black bear (D:5)
  A necrophage (D:8)
  2 ogres
  2 centaurs (D:8)
  2 phantoms
  2 bullfrogs
  A wyvern zombie (D:7)
  2 water moccasin skeletons
  11 killer bees
  12 wights
  2 howler monkeys
  2 centaur zombies
  A bullfrog zombie (D:5)
  4 orc priests
  2 jellies
  2 bullfrog skeletons
  A centaur skeleton (D:6)
  3 gnoll shamans
  3 hounds
  An iguana (D:4)
  6 orc wizards
  Ijyb (D:3)
  A hound zombie (D:5)
  Robin (D:2)
  A howler monkey zombie (D:7)
  17 gnolls
  2 howler monkey skeletons
  7 adders
  A shadow imp (D:6)
  A white imp (D:7)
  An ufetubus (D:6)
  A worm (D:2)
  25 orcs
  10 ball pythons
  9 endoplasms
  5 giant cockroaches
  18 goblins
  6 hobgoblins
  6 quokkas
  6 bats
  2 frilled lizards
  7 kobolds
  2 rats
202 creatures vanquished.

Vanquished Creatures (others)
  3 fungi (D:9)
  21 plants
  6 withered plants (D:8)
30 creatures vanquished.

Grand Total: 232 creatures vanquished

Notes
Turn   | Place    | Note
-------+----------+-------------------------------------------
     0 | D:1      | bande the Gargoyle Fighter began the quest for the Orb.
     0 | D:1      | Reached XP level 1. HP: 14/14 MP: 1/1
   101 | D:1      | Found Dotyun's Antique Armour Shoppe.
   241 | D:1      | Reached XP level 2. HP: 19/19 MP: 2/2
  1205 | D:1      | Reached skill level 2 in Axes
  1205 | D:1      | Reached XP level 3. HP: 13/24 MP: 1/3
  1575 | D:2      | Reached XP level 4. HP: 29/29 MP: 4/4
  1579 | D:2      | Noticed Robin
  1597 | D:2      | Killed Robin
  1850 | D:2      | Reached skill level 3 in Axes
  2054 | D:2      | Reached XP level 5. HP: 31/33 MP: 5/5
  2599 | D:3      | Found an ornate altar of the Wu Jian Council.
  2834 | D:3      | Found a broken altar of Ashenzari.
  3169 | D:3      | Found a faded altar of an unknown god.
  3186 | D:3      | Noticed Ijyb
  3195 | D:3      | Killed Ijyb
  3491 | D:4      | Reached skill level 4 in Axes
  3491 | D:4      | Reached XP level 6. HP: 34/38 MP: 6/6
  3655 | D:4      | Found a transporter.
  3752 | D:4      | Found a sparkling altar of Nemelex Xobeh.
  3753 | D:4      | Found a bloodstained altar of Trog.
  3757 | D:4      | Found a sacrificial altar of Ru.
  3758 | D:4      | Found a white marble altar of Elyvilon.
  3758 | D:4      | Found a glowing golden altar of the Shining One.
  3995 | D:4      | Reached skill level 1 in Evocations
  4025 | D:4      | Found a transporter.
  4553 | D:5      | Entered Level 5 of the Dungeon
  4566 | D:5      | Reached XP level 7. HP: 37/44 MP: 3/7
  4893 | D:5      | Reached skill level 5 in Axes
  5115 | D:5      | Reached skill level 5 in Armour
  5115 | D:5      | Reached XP level 8. HP: 47/48 MP: 6/8
  5145 | D:5      | Found a staircase to the Ecumenical Temple.
  5158 | Temple   | Entered the Ecumenical Temple
  5184 | Temple   | Became a worshipper of Warmaster Okawaru
  5213 | D:5      | Reached skill level 6 in Axes
  5352 | D:5      | Reached skill level 5 in Fighting
  5535 | D:5      | Found a glowing silver altar of Zin.
  6118 | D:6      | Noticed Prince Ribbit
  6147 | D:6      | Killed Prince Ribbit
  6147 | D:6      | Reached * piety under Okawaru
  6148 | D:6      | Reached skill level 5 in Shields
  6475 | D:6      | Reached skill level 7 in Axes
  6632 | D:7      | Found a runed translucent door.
  6644 | D:7      | Noticed blank1's ghost (novice MiFi)
  6649 | D:7      | Reached XP level 9. HP: 54/54 MP: 9/9
  7496 | D:7      | Reached ** piety under Okawaru
  7873 | D:7      | Found a shimmering blue altar of Sif Muna.
  7930 | D:7      | Found Jedoan's Magic Scroll Emporium.
  8379 | D:8      | Reached skill level 8 in Axes
  8457 | D:8      | Identified the +3 ring mail of the Robin {rPois SInv}
  8757 | D:8      | Reached XP level 10. HP: 24/60 MP: 8/10
  9008 | D:8      | Found a blossoming altar of Fedhas.
  9010 | D:8      | Found an ancient bone altar of Kikubaaqudgha.
  9383 | D:8      | Reached skill level 5 in Evocations
  9393 | D:8      | Killed an unseen horror
  9393 | D:8      | Reached *** piety under Okawaru
  9394 | D:8      | Reached skill level 1 in Invocations
  9880 | D:9      | Noticed a kobold demonologist
  9880 | D:9      | Found a runed translucent gate.
  9896 | D:8      | Killed a kobold demonologist
 10234 | D:9      | Found a staircase to the Orcish Mines.
 10246 | D:9      | Reached skill level 9 in Axes
 10335 | D:9      | Noticed a gargoyle
 10335 | D:9      | Noticed a molten gargoyle
 10336 | D:9      | Noticed a molten gargoyle
 10346 | D:9      | Killed from afar by a molten gargoyle

Illustrated notes

Levels and vault maps discovered:
D:1:      wander_arrival_chamber, layout_basic, serial_shops,
          nicolae_shop_temple_entry_statues_fountains, minmay_octomino_c4
D:2:      kb_forest_paths, layout_loops_ring, uniq_robin
D:3:      layout_basic, mainiacjoe_overflow_large_starburst,
          shapermc_ecumenical_altar_mp_ritualfount, st_stairs_10,
          grunt_ministairs_1, kennysheep_cross_room,
          chequers_serial_rivers_small_b, small_statue_intersection,
          minmay_misc_feat_enclosed, saegor_snake_ambush, uniq_ijyb
D:4:      gammafunk_wand_slinger, layout_basic, grunt_temple_overflow_open,
          serial_bayou_pond_b, minmay_misc_feat_roman
D:5:      layout_basic, zin_statuary, minmay_temple_entry_grid
D:6:      layout_rooms, uniq_prince_ribbit1
D:7:      layout_gridville, mainiacjoe_overflow_paths,
          ebering_ghost_reflecting_pool, serial_shops, shop,
          minmay_misc_feat_diagonals
D:8:      layout_gridville, grunt_temple_overflow_growth_and_decay,
          small_chamber_with_monster
D:9:      layout_roguey, dpeg_oklobed_lair, erik_orc_1,
          gammafunk_ghost_cemetery, chequers_arboretum,
          kb_lookout_dungeons_type, minivault_8
Temple:   corrupted_temple

Skill      XL: |  1  2  3  4  5  6  7  8  9 10 |
---------------+-------------------------------+-----
Axes           | 2 3 4 5 7 8 9 |  9.0
Fighting       | 4 5 6 |  6.6
Shields        | 4 5 6 |  6.2
Armour         | 4 5 7 |  7.6
Evocations     | 1 2 3 4 5 |  5.4
Invocations    | 2 |  2.3

Action                   |  1- 3 |  4- 6 |  7- 9 | 10-12 || total
-------------------------+-------+-------+-------+-------++-------
Melee: War axe           |    83 |   223 |   329 |   116 ||   751
  Use: Scroll            |     2 |     3 |     8 |     1 ||    14
       Potion            |       |     4 |     3 |     1 ||     8
 Stab: Invisible         |       |     2 |       |       ||     2
       Confused          |       |       |       |     1 ||     1
Armor: Scale mail        |    46 |   170 |    44 |       ||   260
       Plate armour      |       |       |   346 |   201 ||   547
Dodge: Dodged            |    49 |   121 |   148 |    43 ||   361
Block: Buckler           |    17 |    66 |   143 |    54 ||   280

Table legend: (Time is in decaauts)
 A = Elapsed time spent in this place.
 B = Non-inter-level travel time spent in this place.
 C = Inter-level travel time spent in this place.
 D = Time resting spent in this place.
 E = Time spent auto-exploring this place.
 F = Levels seen in this place.
 G = Mean time per level.
                   A        B        C        D        E       F      G
               +--------+--------+--------+--------+--------+-----+--------+
         Total |  10547 |  10367 |    180 |   2513 |   5531 |  10 | 1054.7 |
       Dungeon |  10505 |  10343 |    162 |   2513 |   5527 |   9 | 1167.2 |
        Temple |     41 |     23 |     18 |      0 |      4 |   1 |   41.0 |
               +--------+--------+--------+--------+--------+-----+--------+

Top non-repeatable levels by time:
     D:7: 1535 daAuts
     D:6: 1417 daAuts
     D:2: 1355 daAuts
     D:1: 1282 daAuts
     D:5: 1280 daAuts
     D:4: 1175 daAuts
     D:8: 1138 daAuts
     D:3: 874 daAuts
     D:9: 446 daAuts
  Temple: 41 daAuts
